 Dungeon Crawl Stone Soup version 0.26.1-11-gd32895ea62 (webtiles) character file.

Game seed: 6634847198768031298

144 raph the Digger (level 5, -7/28 HPs)
             Began as a Gargoyle Earth Elementalist on June 5, 2021.
             Was an Initiate of Dithmenos.
             Killed from afar by an orc wizard (8 damage)
             ... with a puff of frost
             ... on level 4 of the Dungeon.
             The game lasted 00:06:55 (3925 turns).

raph the Digger (Gargoyle Earth Elementalist)       Turns: 3925, Time: 00:06:55

Health: -7/28      AC: 12    Str: 11    XL:     5   Next: 27%
Magic:  6/9        EV: 12    Int: 17    God:    Dithmenos [......]
Gold:   131        SH:  0    Dex: 10    Spells: 3/9 levels left

rFire    . . .     SeeInvis .   r - +0 whip
rCold    . . .     Faith    +   (no shield)
rNeg     + . .     Spirit   .   c - +0 robe
rPois    ∞         Reflect  .   v - +0 helmet
rElec    +         Harm     .   a - scarf {shadows}
rCorr    .         Rampage  .   f - +0 pair of gloves
Will     .....                  (no boots)
Stlth    ++........             e - amulet of faith
HPRegen  0.09/turn              k - +4 ring of protection
MPRegen  0.11/turn              w - ring of wizardry

@: no status effects
A: negative energy resistance 1, electricity resistance, unbreathing,
petrification resistance, miasma immunity, AC +4
a: Renounce Religion


You were on level 4 of the Dungeon.
You worshipped Dithmenos.
Dithmenos was noncommittal.
You visited 1 branch of the dungeon, and saw 4 of its levels.

You collected 131 gold pieces.

Inventory:

Hand Weapons
 d - a +0 dagger
 r - a +0 whip (weapon)
Missiles
 b - 75 stones
 g - 7 boomerangs
Armour
 a - a scarf of shadows (worn)
 c - a +0 robe (worn)
 f - a +0 pair of gloves (worn)
 v - a +0 helmet (worn)
Jewellery
 e - an amulet of faith (around neck)
 k - a +4 ring of protection (left hand)
 o - a +4 ring of protection
 s - an uncursed ring of protection from cold
 w - a ring of wizardry (right hand)
Scrolls
 m - 3 scrolls of amnesia
 t - 2 scrolls of remove curse
Potions
 h - 2 potions of mutation
 i - 2 potions of curing
 j - a potion of lignification
 p - 2 potions of haste {unknown}
 q - a potion of brilliance {unknown}
 u - 3 potions of flight {unknown}


   Skills:
 - Level 2.1 Dodging
 + Level 3.4 Stealth
 + Level 2.7 Spellcasting
 - Level 0.7 Transmutations
 * Level 5.4 Earth Magic


You had 3 spell levels left.
You knew the following spells:

 Your Spells              Type           Power        Failure   Level
a - Sandblast             Erth           20%          1%          1
b - Passwall              Tmut/Erth      5%           3%          2
c - Stone Arrow           Conj/Erth      10%          8%          3

Your spell library contained the following spells:

 Spells                   Type           Power        Failure   Level
 Petrify                  Tmut/Erth      6%           21%         4
 Lee's Rapid Deconstruct  Erth           5%           21%         5


Dungeon Overview and Level Annotations

Branches:
Dungeon (4/15)
 Temple: D:4-7

Altars:
Dithmenos
Kikubaaqudgha
Trog
The Shining One


Innate Abilities, Weirdness & Mutations

You are resistant to torment.
Your stone body is resilient. (AC +4)
You are immune to poison.
You resist negative energy. (rN+)
You are resistant to electric shocks. (rElec)
You can survive without breathing.
You are immune to petrification.
You are immune to miasma.


Message History

Aim: an orc wizard, wielding a +1 dagger of protection and wearing a +0 robe (fast, 26% to evade)
You feel a numb sensation.
The blast of sand hits the orc wizard but does no damage.
Aiming: Sandblast (safe; 1% risk of failure)
Press: ? - help, Q - select action, (/) - cycle Shift-Dir - straight line, f/p - orc wizard
Aim: an orc wizard, wielding a +1 dagger of protection and wearing a +0 robe (fast, 26% to evade)
You feel a numb sensation.
The blast of sand hits the orc wizard but does no damage.
The orc wizard barely misses you.
You hear some strange, mumbled words.
A puff of frost appears from out of thin air!
The puff of frost hits you!
The orc wizard casts a spell.
The orc wizard blinks!
A magic dart appears from out of thin air!
The magic dart hits you!
* * * LOW HITPOINT WARNING * * *
A puff of frost appears from out of thin air!
The puff of frost hits you!
You die...

....._.....####...###
#.......#.......(...
##.....##.|........
##..o###o####...######
##.##..o# #........
.###..#.#{####.......
...................###
#.
#.###.##.#...o.......#
#. #.##.#@######..#.# #.
#................# #.
####...####.#..#.#####.
.....................
.....................(.
###############.####.##.
#.. ...... #. ###.##. #
......


You could see an orc wizard (fast) and 2 orcs.

Vanquished Creatures
  An orc wizard (D:3)
  4 adders
  A worm (D:2)
  A dart slug (D:3)
  3 leopard geckos
  4 orcs (D:3)
  A ball python (D:2)
  7 bats
  6 giant cockroaches
  11 goblins
  6 hobgoblins
  6 jackals (D:2)
  7 kobolds
  5 frilled lizards
  6 rats
69 creatures vanquished.

Vanquished Creatures (others)
  3 withered plants (D:3)
3 creatures vanquished.

Grand Total: 72 creatures vanquished

Notes
Turn   | Place    | Note
-------+----------+-------------------------------------------
     0 | D:1      | raph the Gargoyle Earth Elementalist began the quest for
                  | the Orb.
     0 | D:1      | Reached XP level 1. HP: 10/10 MP: 3/3
   154 | D:1      | Reached XP level 2. HP: 15/15 MP: 5/5
   351 | D:1      | Reached skill level 4 in Earth Magic
  1117 | D:2      | Reached XP level 3. HP: 19/19 MP: 4/6
  1122 | D:2      | Learned a level 2 spell: Passwall
  1126 | D:2      | Learned a level 3 spell: Stone Arrow
  1695 | D:2      | Reached XP level 4. HP: 24/24 MP: 3/7
  1814 | D:2      | Found a shadowy altar of Dithmenos.
  1831 | D:2      | Became a worshipper of Dithmenos the Shadowed
  2415 | D:3      | Found an ancient bone altar of Kikubaaqudgha.
  2475 | D:3      | Reached skill level 5 in Earth Magic
  2648 | D:3      | Reached XP level 5. HP: 28/28 MP: 6/9
  3729 | D:4      | Found a bloodstained altar of Trog.
  3905 | D:4      | Found a glowing golden altar of the Shining One.
  3924 | D:4      | HP: 1/28 [something/magic dart (12)]
  3925 | D:4      | Killed from afar by an orc wizard

Illustrated notes

Levels and vault maps discovered:
D:1:      erik_arrival_cave_to_civilisation [erik_arrival_cave_to_hall],
          layout_rooms, chequers_jeans
D:2:      layout_loops_cross, grunt_dithmenos_smoke
D:3:      layout_basic, kiku_gazebo_garden_becter, serial_park_tiny_2,
          roderic_nine_men_s_morris, chequers_serial_rivers_micro_b
D:4:      minmay_door_path, layout_basic, lemuel_round_altar, trog_hazing_becter

Skill      XL: |  1  2  3  4 |
---------------+-------------+-----
Earth Magic    | 4 5 |  5.4
Dodging        | 2 |  2.1
Stealth        | 3 |  3.4
Spellcasting   | |  2.7
Transmutations | |  0.7

Action                   |  1- 3 |  4- 6 || total
-------------------------+-------+-------++-------
Melee: Unarmed           |     7 |       ||     7
       Dagger            |    78 |       ||    78
       Whip              |    18 |    85 ||   103
 Cast: Sandblast         |    40 |    69 ||   109
  Use: Scroll            |       |     9 ||     9
       Potion            |       |     1 ||     1
 Stab: Sleeping          |     3 |     2 ||     5
Armor: Robe              |    48 |    66 ||   114
Dodge: Dodged            |    87 |    93 ||   180
